[Event "Team 45 45 League T43"]
[Site "Internet Chess Club"]
[Date "2009.11.21"]
[Round "4"]
[White "Ickabod"]
[Black "LuxAeterna"]
[Result "0-1"]
[WhiteElo "1640"]
[BlackElo "1809"]
[Opening "Caro-Kann: Panov-Botvinnik attack, 5...g6"]
[ECO "B14"]
[Time "11:04:40"]
[TimeControl "2700+45"]

1. e4 c6 2. d4 d5 3. exd5 cxd5 4. c4 Nf6 5. Nc3 g6 6. Bd3 Bg7 7. Nge2 O-O 8. O-O
Nc6 9. a3 Be6 10. c5 b6 11. Bb5 Bd7 12. b4 a5 13. Bxc6 Bxc6 14. b5 Bd7 15. c6
Be8 16. a4 e6 17. Ba3 Qc7 18. f3 Rd8 19. Qd2 Kh8 20. Bxf8 Bxf8 21. Qf4 Qe7 22.
g4 Bg7 23. Kg2 Rc8 24. h4 Ng8 25. Rh1 f6 26. Qe3 Bf7 27. Nf4 Qd6 28. h5 g5 29.
Nd3 e5 30. dxe5 fxe5 31. Qxg5 e4 32. Nxe4 dxe4 33. Nf4 exf3+ 34. Kxf3 Bxa1 35.
Ng6+ Bxg6 36. hxg6 Qa3+ 37. Qe3 Rf8+ 38. Ke2 Qb2+ 39. Qd2 Rf2+ 40. Kxf2 Qxd2+
41. Kf3 Qd5+ {White resigns} 0-1

[Event "Team 45 45 League T43"]
[Site "Internet Chess Club"]
[Date "2009.11.22"]
[Round "4"]
[White "ElMarginal"]
[Black "clarinetref"]
[Result "1-0"]
[WhiteElo "1510"]
[BlackElo "1572"]
[Opening "Modern defense"]
[ECO "A40"]
[Time "19:37:26"]
[TimeControl "2700+45"]

1. d4 g6 2. Nf3 Bg7 3. e4 d6 4. Bd3 Nc6 5. c3 Nf6 6. Bg5 h6 7. Bxf6 Bxf6 8. Qe2
O-O 9. Nbd2 e5 10. h3 exd4 11. cxd4 Nxd4 12. Nxd4 Bxd4 13. Nb3 Bg7 14. O-O Qf6
15. Rab1 Be6 16. Nd2 Bxa2 17. Rbc1 Qxb2 18. Rc2 Qa3 19. Rxc7 Rfc8 20. Rxb7 Rc3
21. Bc4 Bxc4 22. Nxc4 Qc5 23. Ne3 Qc6 24. Rfb1 Rc1+ 25. Rxc1 Qxc1+ 26. Kh2 Be5+
27. g3 a5 28. Qa2 Rf8 29. Qxa5 Qc6 30. Qb4 Kg7 31. Nd5 Qc5 32. Qe1 Bd4 33. Kg2
Qc6 34. Qb1 Qc5 35. Qa2 Qc8 36. Qb3 Qe6 37. Qf3 Re8 38. Nc7 Qe7 39. Nxe8+ Qxe8
40. Qd3 Be5 41. Qb3 Bf6 42. Qd5 g5 43. g4 Be5 44. Qb5 Qe6 45. Qd7 Qxd7 46. Rxd7
Kf6 47. f3 Ke6 48. Rb7 Kf6 49. Kf1 Kg6 50. Ke2 f6 51. Kd3 h5 52. Kc4 h4 53. Kd5
Kh6 54. Ke6 Kg6 55. Rd7 Bf4 56. Rf7 Be5 57. Rb7 Bf4 58. Ke7 Kg7 59. Rd7 Be5 60.
Rd8 Bf4 61. Rf8 Be5 62. Rf7+ Kg6 63. Kf8 Bd4 64. Rg7+ Kh6 65. Kf7 Be5 66. Rg6+
Kh7 67. Rxf6 Bxf6 68. Kxf6 Kh6 69. Kf5 {Black resigns} 1-0

[Event "Team 45 45 League T43"]
[Site "Internet Chess Club"]
[Date "2009.11.22"]
[Round "4"]
[White "Gregorio"]
[Black "fledermaus"]
[Result "1-0"]
[WhiteElo "2109"]
[BlackElo "1985"]
[Opening "English: symmetrical, Botvinnik system reversed"]
[ECO "A37"]
[Time "20:01:11"]
[TimeControl "2700+45"]

1. c4 c5 2. g3 Nc6 3. Bg2 g6 4. Nc3 Bg7 5. Nf3 e5 6. d3 Nge7 7. h4 h6 8. Bd2 d6
9. Qc1 Be6 10. a3 Nd4 11. Qd1 O-O 12. e3 Nxf3+ 13. Bxf3 d5 14. cxd5 Nxd5 15. O-O
Qd7 16. Qc2 Rac8 17. Rfd1 Rfd8 18. Bxd5 Bxd5 19. e4 Be6 20. Be3 Qe7 21. Kg2 Rd7
22. Rac1 Rcd8 23. Nd5 Bxd5 24. Bxc5 Qe6 25. exd5 Qxd5+ 26. f3 Rc7 27. Qf2 Rdc8
28. Be3 Rxc1 29. Bxc1 Qb3 30. Qf1 Rc2+ 31. Kh1 Kh7 32. Re1 Qd5 33. Re4 b5 34.
Qd1 Rc6 35. Rb4 Rd6 36. Be3 a6 37. Rb3 e4 38. fxe4 Qxe4+ 39. dxe4 Rxd1+ 40. Kg2
Rb1 41. Kf3 Rxb2 42. Rd3 Be5 43. Rd5 f6 44. Rd7+ Kg8 45. Rd3 h5 46. Bc5 Rc2 47.
Bb4 Rc7 48. Rd8+ Kf7 49. Ra8 Bc3 50. Rxa6 Bxb4 51. axb4 Rc4 52. Kf4 f5 53. Ra7+
Ke6 54. Ra6+ Ke7 55. Rxg6 fxe4 56. Rg5 Rxb4 57. Rxh5 Rb3 58. Re5+ Kf6 59. Rxe4
Rb1 60. Rd4 b4 61. Rd6+ Kg7 62. Kg5 Ra1 63. Rd7+ Kg8 64. Rb7 Ra5+ 65. Kg4 Ra4
66. Kh3 Kf8 67. h5 Kg8 68. g4 Ra3+ 69. Kh4 b3 70. h6 Kh8 71. g5 Ra4+ 72. Kh5 Ra5
73. Rxb3 Rc5 74. Rb6 Rc8 75. Rf6 Rc5 76. Kg6 Rc8 77. Re6 Ra8 78. Kf7 Kh7 79. Re8
Ra6 80. Re7 Rg6 81. Kf8+ Kh8 82. Re5 Ra6 83. Kf7 Kh7 84. Re6 Ra7+ 85. Kf6 Ra1
86. Re7+ Kh8 87. Re8+ Kh7 88. g6+ {Black resigns} 1-0

[Event "Team 45 45 League T43"]
[Site "Internet Chess Club"]
[Date "2009.11.20"]
[Round "4"]
[White "jonesey"]
[Black "Phosphorus"]
[Result "1/2-1/2"]
[WhiteElo "1988"]
[BlackElo "1879"]
[Opening "Sicilian: accelerated fianchetto, Maróczy bind"]
[ECO "B36"]
[Time "14:04:18"]
[TimeControl "2700+45"]

1. e4 c5 2. Nf3 g6 3. c4 Nc6 4. d4 cxd4 5. Nxd4 Nf6 6. Nc3 d6 7. Be2 Bg7 8. Be3
O-O 9. O-O Bd7 10. f3 Nxd4 11. Bxd4 Bc6 12. Qd2 a5 13. Rac1 Nd7 14. Nd5 Bxd4+
15. Qxd4 e5 16. Qd2 Nc5 17. Kh1 Ne6 18. Rfd1 Nd4 19. Nc3 f5 20. Bd3 Qh4 21. Ne2
Ne6 22. Nc3 Kh8 23. Qe1 Qg5 24. Qd2 Qh4 25. Qe1 Qh5 26. Bf1 Nd4 27. Qe3 fxe4 28.
Nxe4 Nf5 29. Qg5 Qxg5 30. Nxg5 Nd4 31. Bd3 Kg7 32. Ne4 Rad8 33. Kg1 b6 34. Nc3
g5 35. Ne2 Ne6 36. Rc2 h5 37. Rcd2 Kf7 {Game drawn by mutual agreement} 1/2-1/2

[Event "Team 45 45 League T43"]
[Site "Internet Chess Club"]
[Date "2009.11.21"]
[Round "4"]
[White "Matusalen"]
[Black "smitty120"]
[Result "1-0"]
[WhiteElo "2047"]
[BlackElo "1902"]
[Opening "Dutch: Leningrad, main variation with c6"]
[ECO "A88"]
[Time "20:00:27"]
[TimeControl "2700+45"]

1. Nf3 f5 2. g3 Nf6 3. Bg2 d6 4. d4 g6 5. O-O Bg7 6. c4 O-O 7. Nc3 c6 8. Bf4 Qb6
9. Qc2 Na6 10. a3 Nc7 11. c5 Qa6 12. cxd6 exd6 13. Bxd6 Rf7 14. Ne5 Ne6 15. e3
Ne8 16. Nxf7 Kxf7 17. Be5 Nf6 18. Rfd1 Bf8 19. b4 Ng4 20. Bf1 Nxe5 21. Bxa6
{Black resigns} 1-0

[Event "Team 45 45 League T43"]
[Site "Internet Chess Club"]
[Date "2009.11.22"]
[Round "4"]
[White "fishhead"]
[Black "MisticKnights"]
[Result "1-0"]
[WhiteElo "1974"]
[BlackElo "1901"]
[Opening "Petrov: Cochrane gambit"]
[ECO "C42"]
[Time "20:01:15"]
[TimeControl "2700+45"]

1. e4 e5 2. Nf3 Nf6 3. Nxe5 d6 4. Nxf7 Kxf7 5. Bc4+ Be6 6. Bxe6+ Kxe6 7. O-O Kd7
8. d4 Kc8 9. c4 Qd7 10. Nc3 Nc6 11. h3 g6 12. d5 Ne5 13. f4 Nxc4 14. Qd4 Nxb2
15. Bxb2 Bg7 16. Qc4 Re8 17. Rac1 Nxe4 18. Nxe4 Bxb2 19. Rc2 Bg7 20. Rfc1 Re7
21. Ng5 h6 22. Ne6 Bf6 23. Nxc7 Qxc7 24. Qxc7+ Rxc7 25. Rxc7+ Kd8 26. Rxb7 Bd4+
27. Kf1 Rc8 28. Rxc8+ Kxc8 29. Rh7 h5 30. Ke2 a5 31. Rh6 Bf6 32. Rxg6 Be7 33. g4
hxg4 34. hxg4 Kd7 {Black resigns} 1-0

[Event "Team 45 45 League T43"]
[Site "Internet Chess Club"]
[Date "2009.11.22"]
[Round "4"]
[White "Merciful"]
[Black "SlimeDog2"]
[Result "1/2-1/2"]
[WhiteElo "2016"]
[BlackElo "2190"]
[Opening "Petrov: Nimzovich attack"]
[ECO "C42"]
[Time "21:53:09"]
[TimeControl "2700+45"]

1. e4 e5 2. Nf3 Nf6 3. Nxe5 d6 4. Nf3 Nxe4 5. Nc3 Nxc3 6. dxc3 Be7 7. Be3 Nc6 8.
Qd2 O-O 9. O-O-O Bf6 10. h3 Ne5 11. Be2 Re8 12. g4 h6 13. Nd4 d5 14. f4 Nc4 15.
Bxc4 dxc4 16. Qf2 Qe7 17. Bd2 Bd7 18. Rhe1 Qc5 19. Rxe8+ Rxe8 20. Re1 Rxe1+ 21.
Bxe1 b5 22. a3 a5 23. Qf3 b4 24. axb4 axb4 25. Qe4 Qa7 26. Kb1 c5 27. Ne2 b3 28.
cxb3 cxb3 29. Nc1 Qb6 30. Bf2 Qb5 31. c4 Qb4 32. Qd3 Ba4 33. Qd5 {Game drawn by
mutual agreement} 1/2-1/2

[Event "Team 45 45 League T43"]
[Site "Internet Chess Club"]
[Date "2009.11.23"]
[Round "4"]
[White "cityprosecutor"]
[Black "chess2k7"]
[Result "0-1"]
[WhiteElo "1695"]
[BlackElo "1926"]
[Opening "Sicilian defense"]
[ECO "B20"]
[Time "09:01:47"]
[TimeControl "2700+45"]

1. e4 c5 2. d3 Nc6 3. g3 g6 4. Bg2 Bg7 5. h4 Nf6 6. Nd2 d5 7. exd5 Bg4 8. f3
Nxd5 9. Ne4 Bf5 10. Nxc5 Qa5+ {White resigns} 0-1

[Event "Team 45 45 League T43"]
[Site "Internet Chess Club"]
[Date "2009.11.25"]
[Round "4"]
[White "tammany"]
[Black "upsan"]
[Result "0-1"]
[WhiteElo "1684"]
[BlackElo "1787"]
[Opening "Réti opening"]
[ECO "A13"]
[Time "21:00:10"]
[TimeControl "2700+45"]

1. Nf3 e6 2. c4 f5 3. g3 Nf6 4. Bg2 d5 5. O-O c6 6. d4 Bd6 7. Nc3 O-O 8. c5 Bc7
9. b4 Nbd7 10. a4 Ne4 11. Nxe4 fxe4 12. Bg5 Qe8 13. Nd2 e5 14. Be3 Nf6 15. h3
exd4 16. Bxd4 Be5 17. Nb3 Bd7 18. e3 Bxd4 19. Nxd4 Qg6 20. b5 Qh6 21. bxc6 bxc6
22. h4 Bg4 23. Qc2 g5 24. hxg5 Qxg5 25. Nxc6 Bf3 26. Ne7+ Kg7 27. Qc3 Kh6 28.
Qd4 Ng4 29. Qxd5 Qxe7 30. Qc6+ Qf6 31. Qxf6+ Rxf6 32. Bxf3 exf3 33. Rfd1 Rc8 34.
Rac1 Rc7 35. Rd4 Kg5 36. a5 Rfc6 37. Rd5+ Kg6 38. Rc4 h5 39. e4 Nf6 40. Rd3 Rxc5
41. Rxc5 Rxc5 42. Rxf3 Nxe4 43. Re3 Kf5 44. Rf3+ Ke5 45. Re3 Kd4 46. Kg2 Rxa5
47. Rb3 Ra2 48. Rb4+ Kd5 49. Rb5+ Nc5 50. Rb8 a5 51. Kf3 a4 52. Ke3 a3 53. f4
Rb2 54. Ra8 a2 55. Rd8+ Ke6 {White resigns} 0-1

[Event "Team 45 45 League T43"]
[Site "Internet Chess Club"]
[Date "2009.11.21"]
[Round "4"]
[White "OOB1"]
[Black "medsurg"]
[Result "1/2-1/2"]
[WhiteElo "1589"]
[BlackElo "1414"]
[Opening "Four knights: Scotch, 4...exd4"]
[ECO "C47"]
[Time "21:12:33"]
[TimeControl "2700+45"]

1. e4 e5 2. Nf3 Nc6 3. Nc3 Nf6 4. d4 exd4 5. Nxd4 Nxd4 6. Qxd4 d6 7. e5 dxe5 8.
Qxd8+ Kxd8 9. Bg5 Be7 10. Bc4 Be6 11. O-O-O+ Ke8 12. Bxe6 fxe6 13. Rhe1 h6 14.
Bh4 g5 15. Bg3 Kf7 16. Bxe5 c6 17. Ne4 Rhd8 18. Nd6+ Bxd6 19. Bxd6 Rd7 20. Be5
Rad8 21. f3 Rxd1+ 22. Rxd1 Rd5 23. Bb8 a6 24. c4 Rxd1+ 25. Kxd1 Nd7 26. Bc7 Kf6
27. h4 e5 28. hxg5+ hxg5 29. g3 Kf5 30. Ke2 g4 31. f4 Ke4 32. fxe5 Nxe5 33. Bxe5
Kxe5 34. Ke3 c5 35. a4 a5 36. b3 b6 37. Kd3 Kf5 38. Ke3 Ke5 {Game drawn by
mutual agreement} 1/2-1/2

[Event "Team 45 45 League T43"]
[Site "Internet Chess Club"]
[Date "2009.11.22"]
[Round "4"]
[White "fuzzface"]
[Black "rd00d"]
[Result "1-0"]
[WhiteElo "1397"]
[BlackElo "1454"]
[Opening "French: advance, Paulsen attack"]
[ECO "C02"]
[Time "14:07:43"]
[TimeControl "2700+45"]

1. e4 e6 2. d4 d5 3. e5 c5 4. c3 Nc6 5. Nf3 Qb6 6. Qb3 cxd4 7. Qxb6 axb6 8. cxd4
f6 9. Bb5 Bd7 10. Bxc6 Bxc6 11. exf6 Nxf6 12. Ne5 Bd6 13. Nxc6 bxc6 14. f3 O-O
15. Be3 c5 16. Nc3 cxd4 17. Bxd4 Bc5 18. Bxc5 bxc5 19. Nb5 Rfb8 20. Nc7 Ra7 21.
Nxe6 Re7 22. O-O Rxe6 23. Rfc1 c4 24. Rc2 Rbe8 25. Kf2 Nd7 26. a4 Nc5 27. a5
Nd3+ 28. Kg3 Rg6+ 29. Kh4 Ne1 30. Rd2 Nxg2+ 31. Kh3 Nf4+ 32. Kh4 Ra8 33. Rd4
Ng2+ 34. Kh3 Ne3 35. Rd2 Rd6 36. Kg3 Rxa5 37. Re1 Nf5+ 38. Kf2 Kf7 39. Rc2 Re6
40. Rb1 Nd4 41. Rd2 Nb3 42. Rc2 Ra1 43. Rxa1 Nxa1 44. Rd2 Rd6 45. Rd4 Ke6 46.
Rg4 g6 47. h4 Ke5 48. h5 d4 49. f4+ Kf5 50. Kf3 d3 51. Rg5+ Kf6 52. Rxg6+ hxg6
53. h6 Rd7 54. Ke3 d2 55. h7 d1=N+ 56. Ke2 Nxb2 57. h8=Q+ Kf5 58. Qe5+ Kg4 59.
Qe6+ {Black resigns} 1-0

[Event "Team 45 45 League T43"]
[Site "Internet Chess Club"]
[Date "2009.11.22"]
[Round "4"]
[White "Jugurtha"]
[Black "MateIn42"]
[Result "1/2-1/2"]
[WhiteElo "1498"]
[BlackElo "1412"]
[Opening "QGD: Albin counter-gambit"]
[ECO "D08"]
[Time "13:00:17"]
[TimeControl "2700+45"]

1. d4 d5 2. c4 e5 3. dxe5 d4 4. Nf3 Bb4+ 5. Bd2 Qe7 6. Bxb4 Qxb4+ 7. Qd2 Nc6 8.
e4 dxe3 9. Qxb4 Nxb4 10. Na3 exf2+ 11. Kxf2 Be6 12. Nd4 O-O-O 13. Nxe6 fxe6 14.
Be2 Nd3+ 15. Bxd3 Rxd3 16. Rad1 Rxd1 17. Rxd1 Ne7 18. b3 Nc6 19. Nc2 Rd8 20.
Rxd8+ Kxd8 21. Kf3 Nxe5+ 22. Ke4 Nc6 23. g4 g5 24. Ne3 Ke7 25. c5 Kf6 26. a4 a5
27. Nc4 e5 28. Ke3 Ke6 29. Ke4 b6 30. cxb6 cxb6 31. Nxb6 Nd4 32. Nc4 Nxb3 33.
Nxe5 Nc5+ 34. Kd4 Nxa4 35. Nc4 h6 36. Nxa5 Nb6 37. Ke4 Nd5 38. Kf3 Nf4 39. Nc4
Nd5 40. Kg3 Kf6 {Game drawn by mutual agreement} 1/2-1/2

[Event "Team 45 45 League T43"]
[Site "Internet Chess Club"]
[Date "2009.11.20"]
[Round "4"]
[White "rookmaster23"]
[Black "thefranman"]
[Result "0-1"]
[WhiteElo "1356"]
[BlackElo "1540"]
[Opening "King's Indian: orthodox variation"]
[ECO "E94"]
[Time "19:00:19"]
[TimeControl "2700+45"]

1. d4 Nf6 2. c4 g6 3. Nc3 Bg7 4. e4 d6 5. Nf3 O-O 6. Be2 e5 7. O-O exd4 8. Nxd4
a5 9. Be3 Na6 10. Qd2 Nc5 11. f3 Re8 12. Rfd1 Ncd7 13. a3 Ne5 14. Bf4 Nh5 15.
Be3 Nf6 16. Bg5 Qd7 17. Bxf6 Bxf6 18. Nd5 Bg7 19. Qg5 h6 20. Qg3 Nc6 21. Nxc6
bxc6 22. Nc3 Ba6 23. Rab1 Qe6 24. c5 Bxe2 25. Nxe2 Qc4 26. cxd6 Qxe2 27. dxc7
Rac8 28. b4 Qe3+ 29. Kf1 Qb6 30. bxa5 Qxc7 31. Qxc7 Rxc7 32. a6 Ra8 33. Rb7 Rxb7
34. axb7 Rb8 35. Rb1 Bc3 36. Rb6 Be5 37. g3 Bc7 38. Rb3 Kf8 39. a4 Ba5 40. h4
Ke7 41. f4 Kd7 42. f5 gxf5 43. exf5 Kc7 44. Re3 Rxb7 45. Re7+ Kb6 46. Re5 Rc7
47. g4 Rd7 48. g5 hxg5 49. hxg5 Rd4 50. g6 fxg6 51. fxg6 Rxa4 52. g7 Rg4 53. Re7
Bc3 {White resigns} 0-1

[Event "Team 45 45 League T43"]
[Site "Internet Chess Club"]
[Date "2009.11.21"]
[Round "4"]
[White "scottrugby"]
[Black "LeanSixSigma"]
[Result "1-0"]
[WhiteElo "1451"]
[BlackElo "1395"]
[Opening "Sicilian: Grand Prix attack"]
[ECO "B23"]
[Time "20:01:00"]
[TimeControl "2700+45"]

1. e4 c5 2. Nc3 Nc6 3. f4 e6 4. Nf3 d5 5. Bb5 Bd7 6. exd5 exd5 7. Nxd5 Nce7 8.
Bxd7+ Qxd7 9. Nc3 Qe6+ 10. Qe2 Qxe2+ 11. Nxe2 Nd5 12. d3 Ngf6 13. O-O Bd6 14.
Bd2 O-O 15. Rfe1 Nb4 16. Bxb4 cxb4 17. g3 Ng4 18. Rac1 Bc5+ 19. d4 Bb6 20. c3
bxc3 21. bxc3 Rac8 22. Ne5 Nxe5 23. fxe5 Rfe8 24. Kg2 Ba5 25. Rc2 b5 26. Rec1
Rc4 27. Rb2 a6 28. a3 Rec8 29. Rb3 Bb6 30. Rb4 Ba5 31. Rxc4 Rxc4 32. Kf3 Ra4 33.
Ra1 b4 34. cxb4 Bxb4 35. d5 Rxa3+ 36. Rxa3 Bxa3 37. Nc3 Kf8 38. Ke4 Bb4 39. Na4
a5 40. d6 Ke8 41. Kd5 Bd2 42. Kc6 Kd8 43. d7 Be3 44. Nb2 h6 45. Nc4 a4 46. Nxe3
a3 47. Nc4 a2 48. Nd6 a1=Q 49. Nb7+ Ke7 50. d8=Q+ Ke6 51. Qd5+ Kf5 52. Qxf7+ Ke4
53. Qf4+ Kd3 54. Nc5+ Ke2 55. Qe4+ Kf2 56. Nd3+ Kf1 57. Qh1+ {Black resigns} 1-0

[Event "Team 45 45 League T43"]
[Site "Internet Chess Club"]
[Date "2009.11.21"]
[Round "4"]
[White "BosqueVerde"]
[Black "Just-Jim"]
[Result "0-1"]
[WhiteElo "1213"]
[BlackElo "1498"]
[Opening "Old Indian defense"]
[ECO "A42"]
[Time "12:00:38"]
[TimeControl "2700+45"]

1. d4 d6 2. c4 Bf5 3. Nc3 c6 4. Bd2 Nf6 5. Nf3 h6 6. Qb3 Qd7 7. e3 e6 8. Be2 Be7
9. O-O O-O 10. d5 exd5 11. cxd5 Nh7 12. e4 Bg4 13. Rac1 Ng5 14. Nxg5 Bxe2 15.
Nxe2 Bxg5 16. Bxg5 Qg4 17. Bxh6 Qxe2 18. Qg3 Qxb2 19. Qxg7+ Qxg7 20. Bxg7 Kxg7
21. f4 Nd7 22. Rf3 cxd5 23. exd5 f5 24. Rc7 Rf7 25. Rg3+ Kf6 26. Rxb7 Nb6 27.
Rxf7+ Kxf7 28. Kf2 Nxd5 29. Kf3 Rb8 30. Rh3 Ke6 31. Rh6+ Nf6 32. h4 Rb2 33. a4
Rb3+ 34. Kf2 Ra3 35. Rg6 Rxa4 36. Kf3 Kf7 37. Rg5 Ra5 38. h5 Ra3+ 39. Kf2 Ne4+
40. Kg1 Nxg5 41. fxg5 Rg3 42. g6+ Kg7 43. Kh2 Rxg6 44. hxg6 Kxg6 {White resigns}
0-1

[Event "Team 45 45 League T43"]
[Site "Internet Chess Club"]
[Date "2009.11.21"]
[Round "4"]
[White "Check101"]
[Black "WzeroMN"]
[Result "1-0"]
[WhiteElo "1135"]
[BlackElo "1179"]
[Opening "Scotch game"]
[ECO "C45"]
[Time "15:06:55"]
[TimeControl "2700+45"]

1. e4 e5 2. Nf3 Nc6 3. d4 exd4 4. Nxd4 Nxd4 5. Qxd4 d6 6. Nc3 Be6 7. Be3 Nf6 8.
Be2 Qd7 9. O-O-O c5 10. Qd2 Be7 11. Bb5 {Black resigns} 1-0

[Event "Team 45 45 League T43"]
[Site "Internet Chess Club"]
[Date "2009.11.24"]
[Round "4"]
[White "Matthew1814"]
[Black "blackjack721"]
[Result "0-1"]
[WhiteElo "1832"]
[BlackElo "1683"]
[Opening "two knights defense: Wilkes Barre (Traxler) variation"]
[ECO "C57"]
[Time "12:37:24"]
[TimeControl "2700+45"]

1. e4 e5 2. Nf3 Nc6 3. Bc4 Nf6 4. Ng5 Bc5 5. Bxf7+ Ke7 6. Bb3 Rf8 7. Nc3 Bxf2+
8. Kxf2 Nxe4+ 9. Kg1 Nxg5 10. Qh5 h6 11. Nd5+ Kd6 12. d3 Nd4 13. Ne3 Qf6 14.
Nc4+ Ke7 15. Be3 Ndf3+ 16. Kf2 d5 17. Bc5+ Kd8 18. Bxf8 dxc4 19. dxc4 Qxf8 20.
gxf3 Qc5+ 21. Kg3 Bd7 22. Rad1 c6 23. h4 Qe3 24. Qe8+ Kxe8 {White resigns} 0-1

[Event "Team 45 45 League T43"]
[Site "Internet Chess Club"]
[Date "2009.11.19"]
[Round "4"]
[White "Kallistos"]
[Black "kidviper"]
[Result "1-0"]
[WhiteElo "1729"]
[BlackElo "1867"]
[Opening "Scandinavian (center counter) defense"]
[ECO "B01"]
[Time "13:00:10"]
[TimeControl "2700+45"]

1. e4 d5 2. exd5 Qxd5 3. Nc3 Qa5 4. d4 c6 5. Nf3 Nf6 6. Bc4 Bf5 7. Bd2 Nbd7 8.
Qe2 Bxc2 9. Nb5 Qb6 10. Nd6+ Kd8 11. Nxf7+ Kc8 12. Nxh8 Qxb2 13. O-O Qa3 14. Nf7
Bg6 15. N7e5 Nxe5 16. dxe5 Ne4 17. Be6+ Kc7 18. Bf4 Nc5 19. Bc4 e6 20. Rfd1 Re8
21. Nd4 Bf7 22. Nb3 Na4 23. Qd2 Nb6 24. Be2 Nd5 25. Be3 Bb4 26. Qc1 Qxc1 27.
Rdxc1 Bc3 28. Rab1 Bg6 29. Bd4 Bxb1 30. Rxb1 Bxd4 31. Nxd4 Nc3 32. Rb2 Nxe2+ 33.
Rxe2 c5 34. Nb3 b6 35. Rd2 Rf8 36. g3 Rf5 37. f4 g5 38. Rf2 Kc6 39. Kg2 Kd5 40.
Kf3 h5 41. Rd2+ Kc4 42. Rd6 gxf4 43. gxf4 Kc3 44. Rxe6 Rf7 45. Rg6 Rd7 46. Rd6
Re7 47. e6 Kb2 48. f5 c4 49. f6 Re8 50. e7 cxb3 51. axb3 Kxb3 52. Rd8 a5 53.
Rxe8 a4 54. Rb8 a3 55. Rxb6+ Ka2 56. Ra6 h4 57. Rxa3+ Kxa3 58. e8=R h3 59. f7
Kb3 60. f8=R Kc4 61. Re7 Kd5 62. Rd8+ Kc6 63. Re1 Kc7 64. Rd2 Kc6 65. Rc1+ Kb5
66. Rb2+ Ka4 67. Ra1# {Black checkmated} 1-0

[Event "Team 45 45 League T43"]
[Site "Internet Chess Club"]
[Date "2009.11.23"]
[Round "4"]
[White "kidcobra"]
[Black "jacknor"]
[Result "1-0"]
[WhiteElo "1608"]
[BlackElo "1551"]
[Opening "Sicilian: dragon, Yugoslav attack, 10.O-O-O"]
[ECO "B78"]
[Time "11:08:34"]
[TimeControl "2700+45"]

1. e4 c5 2. Nf3 d6 3. d4 cxd4 4. Nxd4 Nf6 5. Nc3 g6 6. Bc4 Bg7 7. Be3 O-O 8. Qd2
Nc6 9. f3 Bd7 10. O-O-O Rc8 11. Bb3 Ne5 12. Bh6 Nc4 13. Bxc4 Rxc4 14. Bxg7 Kxg7
15. Qd3 Qc7 16. Kb1 a6 17. Rc1 Rc8 18. a3 b5 19. Rhe1 b4 20. axb4 Rxb4 21. Na2
Bb5 22. Nxb5 Rxb5 23. Re3 Qb6 24. Qa3 Rb8 25. Rb3 Rxb3 26. Qxb3 Qxb3 27. cxb3
Rb7 28. b4 Nd7 29. Rc6 Nb6 30. Kc2 Kf6 31. Nc3 Ke6 32. b5 axb5 33. Nxb5 Kd7 34.
Rc3 Na4 35. Rb3 Nc5 36. Rb4 e5 37. Kc3 Na6 38. Ra4 Nc5 39. Ra7 Rxa7 40. Nxa7 Kc7
41. b4 Na4+ 42. Kb3 Nb6 43. b5 d5 44. Nc6 dxe4 45. fxe4 Nd7 46. Kc4 Kb6 47. Kd5
Kxb5 48. Nxe5 Nxe5 49. Kxe5 Kc5 50. Kf6 Kd6 51. e5+ Kd5 52. g4 Ke4 53. g5 Kf4
54. Kxf7 Kxe5 55. Kg7 Kf5 56. h4 Kg4 57. Kxh7 Kh5 58. Kg7 {Black resigns} 1-0

[Event "Team 45 45 League T43"]
[Site "Internet Chess Club"]
[Date "2009.11.23"]
[Round "4"]
[White "werty"]
[Black "MateIn42"]
[Result "1-0"]
[WhiteElo "1511"]
[BlackElo "1400"]
[Opening "Queen's pawn game, Chigorin variation"]
[ECO "D02"]
[Time "14:30:51"]
[TimeControl "2700+45"]

1. d4 d5 2. Nf3 Nc6 3. Bf4 Bf5 4. e3 Qd7 5. a3 Nf6 6. c4 Bxb1 7. Rxb1 e6 8. cxd5
exd5 9. Bb5 a6 10. Bxc6 bxc6 11. Rc1 Bd6 12. Ne5 Bxe5 13. Bxe5 Ne4 14. f3 f6 15.
fxe4 fxe5 16. Qh5+ Qf7 17. Qxf7+ Kxf7 18. O-O+ Ke7 19. exd5 cxd5 20. Rxc7+ Kd6
21. Rxg7 exd4 22. exd4 Kc6 23. a4 Raf8 24. Rxf8 Rxf8 25. Rg4 Rb8 26. Rh4 Rxb2
27. Rxh7 Rb4 28. h4 Rxd4 29. h5 Rxa4 30. h6 d4 31. Kf1 d3 32. Ke1 Ra2 33. Rh8
Rxg2 34. h7 Kc7 35. Ra8 Rh2 36. h8=Q Rxh8 37. Rxh8 Kb6 38. Kd2 Kb5 39. Kxd3 a5
40. Kc3 a4 41. Kb2 Kb4 42. Ka2 a3 43. Ra8 Kc5 44. Kxa3 Kd5 45. Kb4 Ke4 46. Kc4
Ke5 47. Rd8 Ke4 48. Re8+ Kf5 49. Kd5 Kf4 50. Re5 Kf3 51. Kd4 Kf4 52. Kd5 Kf3 53.
Re4 Kf2 54. Kd4 Kf3 55. Kd3 Kf2 56. Rf4+ Kg3 57. Ke3 Kg2 58. Rg4+ Kh3 59. Rg8
Kh4 60. Kf4 Kh5 61. Rg1 Kh6 62. Kf5 Kh7 63. Kf6 Kh8 64. Kf7 {Black resigns} 1-0

[Event "Team 45 45 League T43"]
[Site "Internet Chess Club"]
[Date "2009.11.23"]
[Round "4"]
[White "SleepyEyes"]
[Black "rubo"]
[Result "1/2-1/2"]
[WhiteElo "1740"]
[BlackElo "1758"]
[Opening "King's Indian, 3.Nf3"]
[ECO "E60"]
[Time "22:13:08"]
[TimeControl "2700+45"]

1. d4 Nf6 2. Nf3 g6 3. c4 c5 4. Nc3 Bg7 5. d5 d6 6. Bf4 Nbd7 7. e4 Ng4 8. Qc2
Qa5 9. Bd2 O-O 10. Be2 Nge5 11. O-O Nxf3+ 12. Bxf3 Ne5 13. Be2 a6 14. h3 b5 15.
Nxb5 Qb6 16. Nc3 Rb8 17. Rab1 f5 18. f3 Bd7 19. Bg5 Bf6 20. Bxf6 Rxf6 21. f4 Nf7
22. Bd3 e5 23. fxe5 Nxe5 24. Kh1 Rbf8 25. b3 Qa5 26. a4 Qb4 27. Be2 f4 28. Bf3
g5 29. Na2 Qa5 30. Qc3 Qxc3 31. Nxc3 Nd3 32. Na2 Rb8 33. Be2 Nb4 34. Nxb4 Rxb4
{Game drawn by mutual agreement} 1/2-1/2

[Event "Team 45 45 League T43"]
[Site "Internet Chess Club"]
[Date "2009.11.23"]
[Round "4"]
[White "rayngrant"]
[Black "AntMantis"]
[Result "1/2-1/2"]
[WhiteElo "1566"]
[BlackElo "1678"]
[Opening "Scandinavian (center counter) defense"]
[ECO "B01"]
[Time "20:12:21"]
[TimeControl "2700+45"]

1. e4 d5 2. exd5 Qxd5 3. Nc3 Qa5 4. d4 c6 5. Bd2 Nf6 6. Nf3 Bg4 7. Be2 Qd8 8.
Bg5 Nbd7 9. O-O e6 10. Ne5 Bxe2 11. Qxe2 Be7 12. Rfd1 Nd5 13. Bxe7 Qxe7 14. Nxd5
cxd5 15. Qb5 Rb8 16. Re1 f6 17. Nd3 O-O 18. Nf4 a6 19. Qa4 e5 20. dxe5 Nxe5 21.
Nxd5 Qc5 22. Qb3 Kh8 23. Nf4 Rfc8 24. c3 Rc6 25. Rad1 Rb6 26. Qc2 Rd6 27. Rxd6
Qxd6 28. Rd1 Nf3+ 29. gxf3 Qxf4 30. Qe4 Qg5+ 31. Qg4 Qb5 32. Rd2 Re8 33. c4 Qa5
34. Qf4 Qxa2 35. b4 Qb1+ 36. Kg2 Qxb4 37. Qd4 h6 38. Rb2 Qe7 39. Qd5 Qe5 40.
Qxb7 Qg5+ 41. Kf1 Qc1+ {Game drawn by mutual agreement} 1/2-1/2

[Event "Team 45 45 League T43"]
[Site "Internet Chess Club"]
[Date "2009.11.19"]
[Round "4"]
[White "KoalieAwe"]
[Black "quotha"]
[Result "1-0"]
[WhiteElo "1467"]
[BlackElo "1644"]
[Opening "Queen's gambit declined"]
[ECO "D30"]
[Time "15:59:47"]
[TimeControl "2700+45"]

1. d4 d5 2. c4 e6 3. Nf3 Nf6 4. a3 Be7 5. Bf4 O-O 6. Nc3 b6 7. cxd5 Nxd5 8. Nxd5
exd5 9. e3 Bb7 10. Bd3 Nd7 11. Qc2 Rc8 12. Bxh7+ Kh8 13. Ne5 Nxe5 14. Bxe5 Bf6
15. Bf5 Bxe5 16. Bxc8 Qxc8 17. dxe5 c5 18. O-O Rd8 19. Rac1 Qg4 20. h3 Qg5 21.
f4 Qe7 22. Rfd1 f6 23. Qf5 fxe5 24. fxe5 Re8 25. Qh5+ Kg8 26. Rf1 Ba6 27. Rf4
Bd3 28. Rd1 c4 29. Rd2 Qxe5 30. Qf7+ Kh8 31. Rxd3 {Black resigns} 1-0

[Event "Team 45 45 League T43"]
[Site "Internet Chess Club"]
[Date "2009.11.18"]
[Round "4"]
[White "BarryNL"]
[Black "wrimle"]
[Result "0-1"]
[WhiteElo "1494"]
[BlackElo "1559"]
[Opening "Réti opening"]
[ECO "A04"]
[Time "15:00:30"]
[TimeControl "2700+45"]

1. Nf3 d6 2. g3 f5 3. e3 Nf6 4. Bg2 g6 5. b3 Bg7 6. Bb2 O-O 7. O-O e5 8. d3 c6
9. c4 e4 10. dxe4 fxe4 11. Nfd2 Bg4 12. Qc2 Be2 13. Re1 Bd3 14. Qd1 Ng4 15. Bxg7
Nxf2 16. Qc1 Kxg7 17. Bf1 Qf6 18. Qc3 Nd7 19. Bxd3 exd3 20. Rf1 Ne5 21. Ne4 Nh3+
22. Kg2 Qxf1# {White checkmated} 0-1